 Dungeon Crawl Stone Soup version 0.31.0-9-g3a7656b989 (webtiles) character file.

Game seed: 8058216111099852362

76 qw the Shooter (level 3, -3/29 HPs)
             Began as a Demigod Hunter on Feb 2, 2024.
             Slain by Sigmund
             ... wielding a +0 scythe
              (5 damage)
             ... on level 2 of the Dungeon.
             The game lasted 00:00:04 (1048 turns).

qw the Shooter (Demigod Hunter)                     Turns: 1048, Time: 00:00:04

Health: -3/29      AC:  5    Str: 12    XL:     3   Next: 89%
Magic:  5/5        EV: 12    Int: 11    God:
Gold:   39         SH:  0    Dex: 21    Spells: 2/2 levels left

rFire   . . .        a - +0 shortbow
rCold   . . .        (shield currently unavailable)
rNeg    . . .        c - +0 leather armour
rPois   .            g - +1 helmet
rElec   .            (no cloak)
rCorr   .            (no gloves)
SInv    .            (no boots)
Will    .....        (no amulet)
Stlth   ++           (no ring)
HPRegen 0.24/turn    (no ring)
MPRegen 0.09/turn

%: no passive effects
@: no status effects
A: high MP 1, forlorn, divine attributes
a: no special abilities


You were on level 2 of the Dungeon.
You visited 1 branch of the dungeon, and saw 2 of its levels.

You collected 39 gold pieces.


Innate Abilities, Weirdness & Mutations

You have an increased reservoir of magic. (+10% MP)
You shall have no god before yourself.
Your divine heritage dramatically boosts your attributes as you level up.


   Skills:
 - Level 2.0 Fighting
 + Level 4.9 Ranged Weapons
 - Level 2.1 Dodging
 - Level 0.8 Stealth


You had 2 spell levels left.
You didn't know any spells.
Your spell library was empty.

Inventory:

Hand Weapons
 a - a +0 shortbow (weapon)
Armour
 c - a +0 leather armour (worn)
 g - a +1 helmet (worn)
Scrolls
 b - a scroll of teleportation {unknown}
Potions
 e - a potion of might {unknown}
 f - a potion of invisibility {unknown}
 h - a potion of degeneration {unknown}

Dungeon Overview and Level Annotations

Branches:
Dungeon (2/15)

Annotations:
D:2 Sigmund


Message History

Sigmund misses you.
You shoot an arrow. The arrow closely misses Sigmund.
Sigmund barely misses you.
You shoot an arrow. The arrow barely misses Sigmund.
You shoot an arrow. The arrow hits Sigmund.
Sigmund is severely wounded.
Sigmund points at you and mumbles some strange words.
You are confused.
Sigmund misses you. Sigmund misses you. Sigmund closely misses you.
Sigmund barely misses you.
You feel less confused.
Sigmund points at you and mumbles some strange words.
You are confused.
Sigmund gestures wildly while chanting.
Sigmund flickers and vanishes!
Deactivating autopickup; reactivate with Ctrl-A.
You shoot an arrow. Something hits you!
You shoot an arrow. Something hits you!
You shoot an arrow. Something hits you.
You shoot an arrow. Something hits you but does no damage.
You shoot an arrow.
You feel less confused.
A giant cockroach comes into view.
The giant cockroach bites you but does no damage.
Something barely misses you.
You shoot an arrow. The arrow hits the giant cockroach!
You kill the giant cockroach!
You shoot an arrow. Something hits you.
You shoot an arrow. Something hits you.
You shoot an arrow. Something hits you.
You die...

###.........
#...........
#...........
#...........
#........... ######
#...........
#....#####......#### .
.##.............####....
........##<###..@.{).#
###.................##
##...................#
......##..###.....#..>..
#####....## #####.......
##.(## #.#.... #..#
$##..... ##..# .##..#.#
#...## #.##....##


There were no monsters in sight!

Vanquished Creatures
  Jessica (D:2)
  An adder (D:2)
  3 dart slugs (D:2)
  2 ribbon worms (D:2)
  An endoplasm (D:1)
  4 giant cockroaches
  7 hobgoblins
  2 kobolds (D:1)
  A bat (D:2)
  3 frilled lizards (D:2)
  4 goblins
  A rat (D:2)
30 creatures vanquished.

Notes
Turn   | Place    | Note
-------+----------+-------------------------------------------
     0 | D:1      | qw the Demigod Hunter began the quest for the Orb.
     0 | D:1      | Reached XP level 1. HP: 17/17 MP: 3/3
     0 | D:1      | 0 ||| qw: Version: 0.3-a-155-g5e7d8dd
     0 | D:1      | 0 ||| qw: Game counter: 362
     0 | D:1      | 0 ||| qw: Melee chars always use a shield: true
     0 | D:1      | 0 ||| qw: God list: Okawaru
     0 | D:1      | 0 ||| qw: Allow faded altars: false
     0 | D:1      | 0 ||| qw: Do Orc after clearing Dungeon:15 true
     0 | D:1      | 0 ||| qw: Do second Lair branch before Depths: true
     0 | D:1      | 0 ||| qw: Lair rune preference: random
     0 | D:1      | 0 ||| qw: Goals: Normal
     0 | D:1      | 0 ||| PLANNING D:1-11
   310 | D:1      | Reached skill level 4 in Ranged Weapons
   581 | D:1      | Reached XP level 2. HP: 24/24 MP: 4/4
   732 | D:1      | 732 ||| UPGRADING to +0 helmet.
   737 | D:1      | 737 ||| READING scroll labelled SAPONI ICVYMI.
   737 | D:1      | 737 ||| ENCHANTING +0 helmet.
   738 | D:1      | 738 ||| READING scroll labelled IMISICA YZXAC.
   739 | D:1      | 739 ||| DROPPING scroll of butterflies.
   911 | D:2      | Reached XP level 3. HP: 29/29 MP: 5/5
  1017 | D:2      | Noticed Jessica
  1019 | D:2      | Killed Jessica
  1020 | D:2      | Noticed Sigmund
  1025 | D:2      | 1025 ||| DRINKING fizzy inky potion.
  1042 | D:2      | HP: 7/29 [something (4)]
  1047 | D:2      | HP: 2/29 [something (3)]
  1048 | D:2      | Slain by Sigmund

Levels and vault maps discovered:
D:1:      evilmike_arrival_fibonacci_small, layout_basic, hangedman_decor_push,
          serial_bayou_crossing
D:2:      layout_rooms, chequers_serial_rivers_micro_d, uniq_jessica,
          uniq_sigmund

Skill      XL: |  1  2  3 |
---------------+----------+-----
Ranged Weapons | 4 |  4.9
Fighting       | 2 |  2.0
Dodging        | 2 |  2.1
Stealth        | |  0.8

Action                     || total
---------------------------++-------
   Fire: Shortbow          ||   108
    Use: Scroll            ||     2
         Potion            ||     1
 Armour: Leather armour    ||    18
  Dodge: Dodged            ||    21

Table legend:
 A = Non-vault XP
 B = Vault XP
 C = Vault XP percentage of total XP
 D = Non-vault monster count
 E = Vault monster count
 F = Vault count percentage of total count
                 A         B        C        D         E       F
            +---------+---------+-------+---------+---------+-------
      Total |      72 |      37 |  33.9 |      29 |       1 |   3.3
            +---------+---------+-------+---------+---------+-------
        D:1 |      20 |       0 |   0.0 |      11 |       0 |   0.0
        D:2 |      52 |      37 |  41.6 |      18 |       1 |   5.3
            +---------+---------+-------+---------+---------+-------
